 Dungeon Crawl Stone Soup version 0.27-a0-538-g15ff5c5295 (webtiles) character file.

Game seed: 7693826098957601695

333 Frqise the Chopper (level 6, -4/56 HPs)
             Began as a Minotaur Berserker on Mar 6, 2021.
             Was a Believer of Trog.
             Slain by Grinder (6 damage)
             ... on level 4 of the Dungeon.
             The game lasted 00:05:41 (3596 turns).

Frqise the Chopper (Minotaur Berserker)             Turns: 3596, Time: 00:05:41

Health: -4/56      AC: 10    Str: 23    XL:     6   Next: 27%
Magic:  5/5        EV: 11    Int:  4    God:    Trog [**....]
Gold:   177        SH:  0    Dex: 10    Spells: 5/5 levels left

rFire    . . .     SeeInvis .   a - +0 hand axe
rCold    . . .     Faith    .   (no shield)
rNeg     . . .     Spirit   .   m - +0 ring mail
rPois    .         Reflect  .   (helmet restricted)
rElec    .         Harm     .   (no cloak)
rCorr    .         Rampage  .   l - +0 pair of gloves
Will     .....                  (no boots)
Stlth    +.........             (no amulet)
HPRegen  0.18/turn              n - +4 ring of protection
MPRegen  0.09/turn              (no ring)

@: no status effects
A: horns 2, retaliatory headbutt
a: Renounce Religion, Berserk, Trog's Hand


You were on level 4 of the Dungeon.
You worshipped Trog.
Trog was pleased with you.
You visited 1 branch of the dungeon, and saw 4 of its levels.

You collected 177 gold pieces.

Inventory:

Hand Weapons
 a - a +0 hand axe (weapon)
Armour
 l - a +0 pair of gloves (worn)
 m - a +0 ring mail (worn)
Jewellery
 n - a +4 ring of protection (left hand)
 p - a +6 ring of intelligence
 s - a ring of positive energy
Scrolls
 b - a scroll of enchant weapon {unknown}
 g - 4 scrolls of teleportation {unknown}
 h - a scroll of noise {unknown}
 i - 2 scrolls of amnesia {unknown}
 o - 3 scrolls of enchant armour {unknown}
 q - 2 scrolls of immolation {unknown}
 t - a scroll of fear {unknown}
Potions
 c - 2 potions of berserk rage {unknown}
 d - 2 potions of lignification
 f - 2 potions of attraction {unknown}
 j - 3 potions of heal wounds
 k - a potion of ambrosia {unknown}
 r - a potion of flight {unknown}


   Skills:
 + Level 5.0 Fighting
 + Level 6.7 Axes
 + Level 3.4 Armour
 + Level 3.1 Dodging
 + Level 0.7 Stealth


You had 5 spell levels left.
You didn't know any spells.
Your spell library was empty.

Dungeon Overview and Level Annotations

Branches:
Dungeon (4/15)
 Temple: D:4-7

Altars:
Dithmenos
Elyvilon
Vehumet

Annotations:
D:4 Grinder


Innate Abilities, Weirdness & Mutations

You have a pair of horns on your head.
You reflexively headbutt those who attack you in melee.


Message History

You barely miss Grinder.
Grinder is lightly wounded.
Grinder hits you.
* * * LOW HITPOINT WARNING * * *
You writhe in agony.
* * * LOW HITPOINT WARNING * * *
You completely miss Grinder.
Grinder is lightly wounded.
Grinder hits you.
* * * LOW HITPOINT WARNING * * *
You closely miss Grinder. Your headbutt misses Grinder.
Grinder is lightly wounded.
Grinder gestures at you.
You suddenly lose the ability to move!
Grinder hits you but does no damage. x2
Grinder gestures at you.
You shrug off the repeated paralysis!
You can move again.
You hit Grinder.
Grinder is moderately wounded.
Grinder gestures at you.
You shrug off the repeated paralysis!
You hit Grinder.
Grinder is moderately wounded.
You hit Grinder but do no damage.
Grinder is moderately wounded.
Grinder barely misses you.
Unknown command.
You closely miss Grinder.
Grinder is moderately wounded.
Grinder hits you but does no damage.
You hit Grinder but do no damage.
Grinder is moderately wounded.
Grinder misses you.
You hit Grinder. Your headbutt misses Grinder.
Grinder is heavily wounded.
Grinder hits you!
* * * LOW HITPOINT WARNING * * *
You writhe in agony.
You die...

#.......#
############.......#
#......."##...########
#....>...++...'...[...
#.$......##...#####.##
#........#......###...
#........#............
#........'............
#....@...#.#.#........
#....5...#.#.#..###...
#........#.#.#..# #...
#........#.#.#..# #.##
#..........#.# #.##
#####+#..... #. #
#.##### #. # .. # +


You could see Grinder.

Vanquished Creatures
  Menkaure (D:4)
  2 hounds
  5 adders
  3 oozes
  2 worms (D:2)
  3 dart slugs
  2 leopard geckos (D:3)
  An orc (D:3)
  3 bats
  8 giant cockroaches
  10 goblins
  10 hobgoblins
  7 jackals
  3 ball pythons
  4 frilled lizards
  8 kobolds
  4 rats
76 creatures vanquished.

Notes
Turn   | Place    | Note
-------+----------+-------------------------------------------
     0 | D:1      | Frqise the Minotaur Berserker began the quest for the Orb.
     0 | D:1      | Reached XP level 1. HP: 19/19 MP: 0/0
   248 | D:1      | Reached skill level 4 in Axes
   303 | D:1      | Reached XP level 2. HP: 27/27 MP: 1/1
   837 | D:1      | Reached XP level 3. HP: 33/33 MP: 2/2
  1011 | D:2      | Found a radiant altar of Vehumet.
  1556 | D:2      | Found a transporter.
  1560 | D:2      | Found a white marble altar of Elyvilon.
  1573 | D:2      | Found a transporter.
  1637 | D:2      | Reached XP level 4. HP: 41/41 MP: 3/3
  1686 | D:2      | Reached skill level 5 in Axes
  1731 | D:2      | Reached ** piety under Trog
  2583 | D:3      | Found a shadowy altar of Dithmenos.
  2653 | D:3      | Reached XP level 5. HP: 47/47 MP: 4/4
  3245 | D:4      | Noticed Menkaure
  3253 | D:4      | Killed Menkaure
  3254 | D:4      | Reached skill level 5 in Fighting
  3254 | D:4      | Reached skill level 6 in Axes
  3254 | D:4      | Reached XP level 6. HP: 19/56 MP: 5/5
  3568 | D:4      | Noticed Grinder
  3587 | D:4      | Paralysed by Grinder for 3 turns
  3596 | D:4      | HP: 2/56 [Grinder (9)]
  3596 | D:4      | Slain by Grinder

Illustrated notes

Levels and vault maps discovered:
D:1:      nicolae_arrival_memento_mori, layout_basic, minmay_statues_item
D:2:      layout_basic, gammafunk_temple_overflow_arena, vehumet_crystals,
          kennysheep_big_empty_room, chequers_arboretum, nrook_uturn
D:3:      layout_basic, old_standard_altar
D:4:      layout_basic, chequers_temple_overflow_minitemple, minmay_bent,
          uniq_grinder, uniq_menkaure

Skill      XL: |  1  2  3  4  5 |
---------------+----------------+-----
Axes           | 4 5 6 |  6.7
Fighting       | 4 5 |  5.0
Dodging        | 3 |  3.1
Armour         | 3 |  3.4
Stealth        | |  0.7

Action                   |  1- 3 |  4- 6 || total
-------------------------+-------+-------++-------
Melee: Hand axe          |    74 |   110 ||   184
       Headbutt          |    12 |     7 ||    19
Invok: Berserk           |     1 |     1 ||     2
       Trog's Hand       |       |     1 ||     1
  Use: Scroll            |       |     2 ||     2
Armor: Animal skin       |    20 |       ||    20
       Ring mail         |     6 |    56 ||    62
Dodge: Dodged            |    44 |    65 ||   109

Table legend: (Time is in decaauts)
 A = Elapsed time spent in this place.
 B = Non-inter-level travel time spent in this place.
 C = Inter-level travel time spent in this place.
 D = Time resting spent in this place.
 E = Time spent auto-exploring this place.
 F = Levels seen in this place.
 G = Mean time per level.
                   A        B        C        D        E       F      G
               +--------+--------+--------+--------+--------+-----+--------+
         Total |   3621 |   3533 |     88 |    669 |   2108 |   4 |  905.2 |
       Dungeon |   3621 |   3533 |     88 |    669 |   2108 |   4 |  905.2 |
               +--------+--------+--------+--------+--------+-----+--------+

Top non-repeatable levels by time:
     D:2: 1587 daAuts
     D:1: 967 daAuts
     D:3: 707 daAuts
     D:4: 359 daAuts
